 Dungeon Crawl Stone Soup version 0.31.0-11-ge490571c62 (webtiles) character file.

Game seed: 17364944311602496214

200 Gadfly the Ruffian (level 5, -2/38 HPs)
             Began as a Demonspawn Shapeshifter on Jan 27, 2024.
             Splashed by a jelly's acid (5 damage)
             ... on level 4 of the Dungeon.
             The game lasted 00:03:27 (3013 turns).

Gadfly the Ruffian (Demonspawn Shapeshifter)        Turns: 3013, Time: 00:03:28

Health: -2/38      AC: -9    Str: 17    XL:     5   Next: 49%
Magic:  5/5        EV: 12    Int: 10    God:
Gold:   194        SH:  0    Dex: 12    Spells: 4/4 levels left

rFire   . .          .
                       - Unarmed
rCold   . . .        (no shield)
rNeg    . . .        a - +1 animal skin
rPois   .            (helmet currently unavailable)
rElec   .            f - melded scarf {rC+ rF+}
rCorr   .            (gloves currently unavailable)
SInv    .            (boots currently unavailable)
Will    .....        (no amulet)
Stlth   +            (no ring)
HPRegen 0.26/turn    (no ring)
MPRegen 0.09/turn

%: no passive effects
@: lethally poisoned (-2 -> -8), beast-form, corroded
A: beast (slay +1), claws 1, powered by death 1
a: Begin Untransformation


You were on level 4 of the Dungeon.
You were a hulking beast.
You visited 1 branch of the dungeon, and saw 4 of its levels.

You collected 194 gold pieces.

Inventory:

Hand Weapons
 b - a +1 short sword of draining
 k - a +1 rapier
Armour
 a - a +1 animal skin (worn)
 f - a scarf of resistance (melded)
Talismans
 c - a beast talisman (active)
 d - a flux talisman
Scrolls
 e - a scroll of identify
 h - 3 scrolls of enchant weapon
 i - a scroll of teleportation
Potions
 g - a potion of magic
 j - a potion of lignification
 n - a potion of berserk rage


   Skills:
 + Level 2.0 Fighting
 * Level 3.1 Dodging
 + Level 3.3 Unarmed Combat
 * Level 2.6 Evocations
 + Level 3.2 Shapeshifting


You had 4 spell levels left.
You didn't know any spells.
Your spell library contained the following spells:

 Spells                   Type           Power      Damage    Failure   Level
 Summon Forest            Summ/Tloc      0%         N/A       100%        5
 Eringya's Noxious Bog    Alch           0%         4d6       100%        6
 Summon Hydra             Summ           0%         N/A       100%        7


Dungeon Overview and Level Annotations

Branches:
Dungeon (4/15)
 Temple: D:4-7

Altars:
Nemelex Xobeh


Innate Abilities, Weirdness & Mutations

You are a hulking beast.
Your limbs bulge with bestial killing power. (Slay +1)
You have sharp fingernails.
You regenerate a little health from kills.


Message History

The jelly is lightly wounded.
The adder bites you.
You are poisoned.
The adder poisons you! The ball python closely misses you. x2
The adder misses you.
You claw the jelly!
Your claws burn!
The jelly is almost dead.
You feel sick. The jelly hits you.
You are splashed with acid!
The ball python barely misses you. The ball python grabs you.
The ball python constricts you. The adder bites you.
You are more poisoned.
The adder poisons you!
You escape the ball python's grasp.
You feel sick. The jelly attacks as it pursues you! The jelly hits you.
The acid corrodes you!
You are splashed with acid!
* * * LOW HITPOINT WARNING * * *
The ball python bites you.
* * * LOW HITPOINT WARNING * * *
The ball python grabs you. The ball python constricts you.
* * * LOW HITPOINT WARNING * * *
You feel much better.
You feel sick. The adder bites you. The jelly hits you. The acid corrodes you!
You are splashed with acid.
The ball python barely misses you. The ball python constricts you.
The ball python's grasp on you weakens, but your attempt to escape fails.
You feel sick. The adder bites you.
* * * LOW HITPOINT WARNING * * *
You are more poisoned.
The adder poisons you!
The jelly jiggles.
The jelly closely misses you. The ball python bites you.
* * * LOW HITPOINT WARNING * * *
The ball python constricts you.
* * * LOW HITPOINT WARNING * * *
The adder closely misses you.
You escape the ball python's grasp.
* * * LOW HITPOINT WARNING * * *
You feel sick. The jelly attacks as it pursues you! The jelly hits you.
* * * LOW HITPOINT WARNING * * *
The acid corrodes you!
You are splashed with acid.
You die...

*,,,,#.#...####..#####.......#
*,,,,....#.###...............#
*,,,,,*#.......######)...)..<#
****,,,##.#....###...........#
**,,,.,,##....#...#.###........
**,,,,...#....###...............
*,,,,,.....##.##....####....####
*,,,,,...............#......# *
*,,,,,.....###.h...#........# **
*,,,,,.....##SJ###.#........#**,
*,,,,,........S#**,#,,,,,,,,,,,,
*,,,,,.......#..#*,,,,,,,,,,,,,,
*,,,,,.....#.......,,,,,,,,,,,,,
*,,,,,.....###.#.....,,,,,,,,,,,
*,,,,,....,* #........,,,,,,,,,,
*,,,,,.?.,,**##.......,,,,,,,,,,
**,,,,...,,,,,,....[..,,,,,,,*,,


You could see a jelly, an adder and a ball python.

Vanquished Creatures
  An iguana (D:3)
  Natasha (thrice) (D:3)
  A gnoll (D:2)
  An adder (D:4)
  2 dart slugs
  A ribbon worm (D:2)
  2 orcs
  2 ball pythons
  6 endoplasms
  3 giant cockroaches
  10 goblins
  5 hobgoblins
  11 jackals
  7 kobolds
  6 bats
  3 frilled lizards (D:2)
  2 rats
66 creatures vanquished.

Notes
Turn   | Place    | Note
-------+----------+-------------------------------------------
     0 | D:1      | Gadfly the Demonspawn Shapeshifter began the quest for the
                  | Orb.
     0 | D:1      | Reached XP level 1. HP: 15/15 MP: 1/1
   252 | D:1      | Gained mutation: You have sharp fingernails. [demonic
                  | ancestry]
   252 | D:1      | Reached XP level 2. HP: 17/21 MP: 2/2
   962 | D:2      | Reached skill level 1 in Evocations
  1193 | D:2      | Gained mutation: You regenerate a little health from kills.
                  | [demonic ancestry]
  1193 | D:2      | Reached XP level 3. HP: 25/26 MP: 3/3
  2030 | D:3      | Noticed Natasha
  2046 | D:3      | Killed Natasha
  2047 | D:3      | Reached XP level 4. HP: 24/32 MP: 4/4
  2156 | D:3      | Found a faded altar of an unknown god.
  2258 | D:3      | Noticed Natasha
  2265 | D:3      | Killed Natasha
  2266 | D:3      | Reached XP level 5. HP: 31/38 MP: 5/5
  2384 | D:3      | Found a sparkling altar of Nemelex Xobeh.
  2538 | D:3      | Noticed Natasha
  2546 | D:3      | Killed Natasha
  2548 | D:3      | Identified a scroll of acquirement
  2548 | D:3      | Acquired a scarf of resistance
  3013 | D:4      | Splashed by a jelly's acid

Illustrated notes

Levels and vault maps discovered:
D:1:      wheals_arrival_linesprint, layout_basic,
          chequers_serial_rivers_small_3, minmay_misc_feat_square,
          minmay_misc_feat_columns, kennysheep_flooded_box
D:2:      layout_basic, hangedman_feature_mirror, minivault_5,
          minmay_increasing_density
D:3:      layout_loops_ring, lemuel_doored_altar,
          nicolae_overflow_crystal_walls, ebering_ecumenical_altar_rust,
          uniq_natasha
D:4:      layout_rooms, gammafunk_ghost_cemetery

Skill      XL: |  1  2  3  4  5 |
---------------+----------------+-----
Dodging        | 2 3 |  3.1
Evocations     | 1 2 |  2.6
Unarmed Combat | 3 |  3.3
Shapeshifting  | 3 |  3.2
Fighting       | 2 |  2.0

Action                     |  1- 3 |  4- 6 || total
---------------------------+-------+-------++-------
  Melee: Unarmed           |   123 |    77 ||   200
Ability: Begin Untransform |       |     1 ||     1
    Use: Scroll            |    12 |     3 ||    15
         Potion            |       |     1 ||     1
 Armour: Animal skin       |    68 |    52 ||   120
  Dodge: Dodged            |    80 |    73 ||   153
   Form: Beast             |       |     1 ||     1
